 Dungeon Crawl Stone Soup version 0.28.0 (webtiles) character file.

Game seed: 11004545090830254831

9952 GrayStillPlays the Destroyer (level 11, -5/77 HPs)
             Began as an Octopode Conjurer on Feb 13, 2022.
             Was a Follower of Ashenzari.
             Slain by a tentacled starspawn (19 damage)
             ... on level 3 of the Abyss.
             The game lasted 01:03:59 (16405 turns).

GrayStillPlays the Destroyer (Octopode Conjurer)   Turns: 16405, Time: 01:04:00

Health: -5/77      AC:  1    Str:  7    XL:     11   Next: 54%
Magic:  22/22      EV: 17    Int: 31    God:    Ashenzari [*.....]
Gold:   678        SH:  0    Dex: 13    Spells: 5/25 levels left

rFire   . . .      SeeInvis .   t - +6 long sword "Enigmatic Anxiety" {vorpal, Dex+3, long, Alch, Bglg} (curse)
rCold   . . .      Faith    .   (no shield)
rNeg    + . .      Spirit   .   (helmet restricted)
rPois   +          Reflect  .   (no amulet)
rElec   .          Harm     .   g - ring "Tethered Heresy" {Int+6, Elem, Alch} (curse)
rCorr   .          Rampage  .   q - ring "Share My Submission" {EV+4, Elem, Comp} (curse)
Will    .....                   (no ring)
Stlth   +++.......              z - ring of Mikuecw {rPois rN+ Slay+2}
HPRegen 0.22/turn               (no ring)
MPRegen 0.18/turn               (no ring)
                                (no ring)
                                (no ring)

@: about to teleport, constricted
A: almost no armour, amphibious, 8 rings, camouflage 1, gelatinous body 1,
(nimble swimmer 1), tentacles, no potion heal 1
a: Renounce Religion, Shatter the Chains


You were on level 3 of the Abyss.
You worshipped Ashenzari.
Ashenzari was aware of your devotion.
You visited 2 branches of the dungeon, and saw 12 of its levels.
You visited the Abyss 1 time.
You also visited: Sewer and Gauntlet.

You collected 678 gold pieces.


Innate Abilities, Weirdness & Mutations

You cannot wear most types of armour.
You are amphibious.
You can wear up to eight rings at the same time.
Your skin changes colour to match your surroundings (Stealth+).
Your rubbery body absorbs attacks. (AC +1, EV +1)
((You are camouflaged when in or above water. (Stealth+)))
You have tentacles for arms and can constrict up to eight enemies at once.
Potions are less effective at restoring your health.


   Skills:
 - Level 8.0 Fighting
 - Level 8.3 Dodging
 - Level 4.0 Stealth
 - Level 7.7 Spellcasting
 - Level 8.4(9.3) Conjurations
 + Level 4.0(5.2) Transmutations
 + Level 5.3(6.6) Air Magic
 + Level 4.0(5.2) Earth Magic


You had 5 spell levels left.
You knew the following spells:

 Your Spells              Type           Power      Damage    Failure   Level
a - Magic Dart            Conj           100%       1d8       1%          1
b - Searing Ray           Conj           100%       2d8       1%          2
c - Fulminant Prism       Conj/Hex       20%        3d13      6%          4
d - Summon Lightning Spi  Summ/Air       32%        N/A       11%         4
e - Statue Form           Tmut/Erth      29%        N/A       58%         6
f - Stone Arrow           Conj/Erth      100%       3d13      1%          3

Your spell library contained the following spells:

 Spells                   Type           Power      Damage    Failure   Level
 Dazzling Flash           Conj/Hex       82%        N/A       1%          3
 Airstrike                Air            26%        N/A       2%          4
 Freeze                   Ice            48%        1d7       3%          1
 Petrify                  Tmut/Erth      44%        N/A       4%          4
 Lightning Bolt           Conj/Air       28%        1d45      4%          5
 Scorch                   Fire           24%        2d6       6%          2
 Flame Wave               Conj/Fire      41%        2d9       6%          4
 Hailstorm                Conj/Ice       41%        3d10      6%          4
 Iskenderun's Mystic Bla  Conj/Tloc      41%        2d9       6%          4
 Frozen Ramparts          Ice            24%        1d4       12%         3
 Lee's Rapid Deconstruct  Erth           22%        3d13*     13%         5
 Yara's Violent Unravell  Hex/Tmut       14%        3d7       36%         5
 Metabolic Englaciation   Hex/Ice        6%         N/A       73%         5
 Summon Cactus Giant      Summ           6%         N/A       99%         6
 Lehudib's Crystal Spear  Conj/Erth      27%        10d7      100%        8
 Animate Armour           Summ/Erth      Unusable   N/A       N/A         4

Inventory:

Hand Weapons
 d - a +1 spectral quarterstaff {staff}
   (You took it off a centaur on level 9 of the Dungeon)
 o - a +1 flail of holy wrath {mace}
   (You found it on level 2 of the Dungeon)
 r - a +0 dagger {short}
   (You took it off a kobold on level 2 of the Dungeon)
 t - the cursed +6 long sword "Enigmatic Anxiety" (weapon) {vorpal, Dex+3, long, Alch, Bglg}
   (You found it on level 3 of the Dungeon)

   It inflicts extra damage upon your enemies.
   Dex:       It affects your dexterity (+3).
   It has a curse which improves the following skills: Alchemy: Poison Magic and
   Transmutations.
   Beguiling: Conjurations, Hexes and Translocations.
Missiles
 a - 122 sling bullets
 c - 160 stones {throwing}
 l - 15 bolts
 m - 6 boomerangs {throwing}
 n - a curare-tipped dart (quivered) {=fthrowing}
 x - 17 poisoned darts {throwing}
 F - 2 datura-tipped darts {throwing}
 I - 80 arrows
 K - 2 throwing nets {=f!fthrowing}
Armour
 f - a scarf of invisibility
   (You found it on level 9 of the Dungeon)
Magical Staves
 u - a staff of fire {!astaff}
   (You found it on level 3 of the Dungeon)
Jewellery
 g - the cursed ring "Tethered Heresy" (left tentacle) {Int+6, Elem, Alch}
   (You found it on level 1 of the Dungeon)

   [ring of intelligence]

   Int:       It affects your intelligence (+6).
   It has a curse which improves the following skills: Elements: Fire Magic, Ice
   Magic, Air Magic and Earth Magic.
   Alchemy:   Poison Magic and Transmutations.
 q - the cursed ring "Share My Submission" (right tentacle) {EV+4, Elem, Comp}
   (You took it off a kobold brigand on level 10 of the Dungeon)

   [ring of evasion]

   EV:        It affects your evasion (+4).
   It has a curse which improves the following skills: Elements: Fire Magic, Ice
   Magic, Air Magic and Earth Magic.
   Companions: Summonings and Necromancy.
 z - the ring of Mikuecw (on tentacle) {rPois rN+ Slay+2}
   (You found it in a Gauntlet)

   [ring of positive energy]

   Slay:      It affects your accuracy & damage with ranged weapons and melee
   (+2).
   rPois:     It protects you from poison.
   rN:        It protects you from negative energy.
 A - a ring of ice
   (You found it on level 10 of the Dungeon)
Wands
 N - a wand of paralysis (7)
   (You found it on level 8 of the Dungeon)
Scrolls
 e - 3 scrolls of amnesia
 i - a scroll of teleportation {@r4}
 v - 3 scrolls of immolation {!r!r}
 w - 3 scrolls of vulnerability {!r!r}
 y - 3 scrolls of fear
 B - a scroll of blinking {!r}
 D - 3 scrolls of magic mapping {!r}
 H - 2 scrolls of torment {!r}
Potions
 b - a potion of curing {@q1}
 j - 3 potions of flight
 p - 2 potions of attraction {!q}
 s - 2 potions of lignification {!q}
 E - a potion of magic
 G - a potion of might
 J - a potion of berserk rage {!q}
 O - a potion of ambrosia

Dungeon Overview and Level Annotations

Branches:
Dungeon (11/15)            Temple (1/1) D:6           Sewer (visited)
Gauntlet (visited)
   Lair: D:8-11         Orc: D:9-12

Altars:
Ashenzari
Dithmenos
Makhleb
Ru
Yredelemnul
The Shining One

Shops:
D:3 *   D:8 !

Annotations:
D:6 1 runed translucent door, BeingJoeMalik's ghost, novice NaFE
D:7 1 runed translucent door
D:8 exclusion: two-headed ogre
D:10 Erolcha; Snorg Gauntlet 11 transporters

.. . ... . #
.##.#......# . ..
........X.§## .≈≈
.≈..≈.#..#... # .
.#.≈.....#..#.## ..
..≈≈.≈.#..#..#...
..≈≈ ∩≈..∩#.........
.≈ .≈≈...#.X.8.....
.......≈.≈..@.......
#..≈..≈≈≈.#wX#..#...
#...≈≈....#..#..#...
#####.#.###..#......
.........#5.#......
.............#..###.
#... ..#.....#.#.#
.....#..#......##. .
## .#........#.#....


You could see a tentacled starspawn, 2 thrashing horrors, a starspawn tentacle
and a white imp.


Message History

The fireball explodes!
The fireball engulfs you!!
The fireball engulfs the shadow imp!!
The shadow imp dies!
The fireball engulfs something!!
Reactivating autopickup.
You feel a bit more experienced.
Your base Transmutations skill increases to level 4!
Your base Earth Magic skill increases to level 4! 😮 HP[-28]
You take 28 damage, and now have 54/100 hp.
MASSIVE DAMAGE!! (PAUSE)
You are engulfed in a cloud of scalding steam.
Something hits you but does no damage.
Deactivating autopickup; reactivate with Ctrl-A.
Something closely misses you. Something hits you.
* * * LOW HITPOINT WARNING * * *
Something burns you.
* * * LOW HITPOINT WARNING * * *
😨 HP[-7]
You take 7 damage, and now have 47/100 hp.
You slash something! Your squeeze misses something.
You are engulfed in a cloud of scalding steam.
Your lightning spire disappears in a puff of smoke!
Something hits you but does no damage. x2 😨 HP[+1] MP[+1]
Your unstable footing causes you to fumble your attack.
You hear some strange, mumbled words.
Something hits you but does no damage. 😨 HP[+1]
You slash something! Your squeeze misses something.
You hear some strange, mumbled words.
You are cast into the Abyss!
To return, you must find a gate leading back.
Killing monsters will force the Abyss to allow you passage.
This branch contains the abyssal rune of Zot.
Reactivating autopickup. 😨 MP[+1]
You enter the shallow water.
Moving in this stuff is going to be slow. 😨 HP[+1] 😨 MP[+1] 😮 HP[+1] 😮 HP[+1] MP[+1] 😮 HP[+1] 😮 MP[+1] 😮 HP[+1]
A tentacled starspawn comes into view. 😮 HP[+1] MP[+1]
Your transformation is almost over. 😮 HP[+1] MP[+1]
Your mp is fully restored (22).
Casting: Summon Lightning Spire (dangerous; 11% risk of failure)
Confirm with . or Enter, or press ? or * to list all spells.
Okay, then. 😮 HP[+1]
As you read the scroll of teleportation {@r4}, it crumbles to dust.
You feel strangely unstable.
You feel the power of the Abyss delaying your translocation!
Tentacles burst from the starspawn's body! 2 starspawn tentacles come into view.
The starspawn tentacle grabs you. The starspawn tentacle constricts you.
You have a vision of a gate. 😮 HP[+1]
You escape the starspawn tentacle's grasp.
A white imp comes into view.
The starspawn tentacle grabs you. The starspawn tentacle constricts you.
You escape the starspawn tentacle's grasp.
You revert to your normal fleshy form.
The white imp shouts!
The white imp picks up a beetle and eats it.
The starspawn tentacle grabs you.
The starspawn tentacle constricts you. 😮 HP[-16]
You now have 77 max hp (-23).
You escape the starspawn tentacle's grasp.
The starspawn tentacle closely misses you.
The starspawn tentacle closely misses you.
The thrashing horror roars!
The starspawn tentacle grabs you.
The starspawn tentacle constricts you. 😮 HP[-2]
You take 2 damage, and now have 40/77 hp.
The starspawn tentacle's grasp on you weakens, but your attempt to escape fails.
The tentacled starspawn bites you!!
* * * LOW HITPOINT WARNING * * *
The tentacled starspawn tentacle-slaps you.
* * * LOW HITPOINT WARNING * * *
A thrashing horror comes into view.
The starspawn tentacle constricts you.
* * * LOW HITPOINT WARNING * * *
😱 HP[-23]
You take 23 damage, and now have 17/77 hp.
MASSIVE DAMAGE!! (PAUSE)
Your system partially rejects the healing.
You feel better. The tentacled starspawn bites you!
* * * LOW HITPOINT WARNING * * *
The tentacled starspawn tentacle-slaps you!!
You die...

Skill      XL: |  1  2  3  4  5  6  7  8  9 10 11 |
---------------+----------------------------------+-----
Stealth        | 3 4 |  4.0
Dodging        | 3 4 5 7 8 |  8.3
Fighting       | 1 2 3 4 6 8 |  8.0
Spellcasting   | 3 4 5 6 7 |  7.7
Conjurations   | 5 6 8 |  8.4
Air Magic      | 3 5 |  5.3
Transmutations | 1 4 |  4.0
Earth Magic    | 1 4 |  4.0

Action                   |  1- 3 |  4- 6 |  7- 9 | 10-12 || total
-------------------------+-------+-------+-------+-------++-------
Melee: Unarmed           |     4 |       |       |       ||     4
       Constrict         |     2 |     5 |       |     6 ||    13
       Tentacles         |     2 |     4 |       |     7 ||    13
       Flail             |       |    14 |       |       ||    14
       Long sword        |       |       |     3 |    36 ||    39
Throw: Dart              |       |     5 |    16 |     1 ||    22
       Stone             |       |     1 |     3 |       ||     4
 Cast: Magic Dart        |    87 |    57 |    10 |     1 ||   155
       Searing Ray       |     1 |    12 |    52 |    70 ||   135
       Fulminant Prism   |       |       |    13 |    16 ||    29
       Summon Lightning  |       |       |       |     7 ||     7
       Statue Form       |       |       |       |     1 ||     1
Invok: Curse Item        |       |       |       |     3 ||     3
Evoke: Wand              |       |       |       |     4 ||     4
  Use: Scroll            |     3 |       |     6 |     6 ||    15
       Potion            |       |       |       |     6 ||     6
 Stab: Invisible         |       |       |       |     1 ||     1
Armor: Skin              |       |     4 |     5 |    29 ||    38
Dodge: Dodged            |    14 |    27 |    59 |   176 ||   276

Levels and vault maps discovered:
D:1:      arrival_zaba_pyramid, layout_loops_corners,
          shapermc_ecumenical_altar_acropolis
D:2:      layout_loops_corners, minmay_box_of_dots
D:3:      layout_rooms, serial_shops, shop
D:4:      layout_cave_pools, cheibrodos_sewer_entry_sluice, uniq_eustachio
D:5:      layout_cave_pods, minmay_bent
D:6:      layout_gridville, lemuel_doored_altar, minmay_temple_entry_arrows,
          hellmonk_ghost_happy_afterlife
D:7:      cheibrodos_shockbox, layout_gridville
D:8:      layout_basic, serial_shops, shop, dk_noncrumbling_4,
          minmay_small_thing
D:9:      layout_basic, hangedman_tell_no_tales
D:10:     layout_irregular_city, uniq_snorg, uniq_harold, uniq_erolcha
D:11:     layout_layer_cave, lair_entry_dummy, gauntlet_entry_generic,
          uniq_fannar
Temple:   mainiacjoe_temple_hex_bubbles
Abyss:3:  base:
D:11
Gauntlet: gammafunk_gauntlet_mixed_choke_point
          [minmay_gauntlet_arena_77_hold_the_fort,
          minmay_gauntlet_arena_77_tiled_triplets,
          minmay_gauntlet_arena_77_block_sizes,
          nicolae_gauntlet_arena_flowing_pool, minmay_gauntlet_arena_77_box,
          minmay_gauntlet_arena_77_terracotta_army,
          minmay_gauntlet_arena_77_checkered,
          nicolae_gauntlet_exit_dead_adventurers]

Notes
Turn   | Place    | Note
-------+----------+-------------------------------------------
     0 | D:1      | GrayStillPlays the Octopode Conjurer began the quest for
                  | the Orb.
     0 | D:1      | Reached XP level 1. HP: 11/11 MP: 3/3
     0 | D:1      | magus.rc [v1.9.6]
   221 | D:1      | Reached skill level 3 in Stealth
   221 | D:1      | Reached XP level 2. HP: 17/17 MP: 1/5
   823 | D:1      | Reached XP level 3. HP: 21/21 MP: 3/6
  1048 | D:1      | Found a faded altar of an unknown god.
  1675 | D:2      | Learned a level 2 spell: Searing Ray
  1858 | D:2      | You pick up a book of Blasting and begin reading...
  2557 | D:2      | Reached skill level 4 in Stealth
  2557 | D:2      | Reached XP level 4. HP: 14/27 MP: 0/8
  2905 | D:3      | Found Ogirchui's Assorted Antiques.
  3187 | D:3      | Identified the +6 long sword of Goehunkonn {vorpal, Dex+3}
  3329 | D:3      | You pick up a book of Frost and begin reading...
  3329 | D:3      | You add the spells Freeze, Frozen Ramparts and Hailstorm to
                  | your library.
  3407 | D:4      | Reached skill level 3 in Dodging
  3407 | D:4      | Reached XP level 5. HP: 32/32 MP: 1/9
  3508 | D:4      | Reached skill level 1 in Fighting
  3508 | D:4      | Reached skill level 3 in Spellcasting
  3569 | D:4      | Found a glowing drain.
  3570 | D:4      | Noticed Eustachio
  3615 | Sewer    | Entered a sewer
  3793 | Sewer    | Noticed a kobold brigand
  3796 | Sewer    | Killed a kobold brigand
  3797 | Sewer    | Reached skill level 5 in Conjurations
  3797 | Sewer    | Reached XP level 6. HP: 39/39 MP: 5/10
  4101 | D:4      | Reached skill level 2 in Fighting
  4475 | D:4      | Killed Eustachio
  4476 | D:4      | Reached skill level 4 in Dodging
  4476 | D:4      | Reached XP level 7. HP: 45/45 MP: 6/12
  4905 | D:5      | Entered Level 5 of the Dungeon
  4912 | D:5      | Reached skill level 3 in Fighting
  4912 | D:5      | Reached skill level 4 in Spellcasting
  5181 | D:5      | You pick up a book of Armaments and begin reading...
  5181 | D:5      | You add the spells Stone Arrow and Lehudib's Crystal Spear
                  | to your library.
  5492 | D:5      | Reached skill level 6 in Conjurations
  5492 | D:5      | Reached XP level 8. HP: 53/53 MP: 6/14
  5709 | D:5      | Reached skill level 4 in Fighting
  5709 | D:5      | Reached skill level 5 in Dodging
  6189 | D:5      | Noticed a yak
  6190 | D:5      | Noticed a yak
  6190 | D:5      | Noticed a yak
  6192 | D:5      | Noticed a yak
  6195 | D:5      | Noticed a yak
  6196 | D:5      | Noticed a yak
  6201 | D:5      | Killed a yak
  6202 | D:5      | Reached skill level 5 in Spellcasting
  6225 | D:6      | Noticed BeingJoeMalik's ghost (novice NaFE)
  6225 | D:6      | Found a runed translucent door.
  6619 | D:6      | Found a staircase to the Ecumenical Temple.
  6628 | Temple   | Entered the Ecumenical Temple
  6662 | Temple   | Became a worshipper of Ashenzari the Shackled
  6842 | D:6      | Reached XP level 9. HP: 35/60 MP: 8/17
  7201 | D:6      | Found a burning altar of Makhleb.
  7228 | D:6      | Reached skill level 5 in Fighting
  7228 | D:6      | Reached skill level 7 in Conjurations
  7233 | D:6      | Learned a level 4 spell: Fulminant Prism
  7367 | D:6      | Reached skill level 6 in Dodging
  8101 | D:5      | Reached skill level 6 in Spellcasting
  8969 | D:7      | Reached skill level 6 in Fighting
  9175 | D:7      | Found a runed translucent door.
  9176 | D:7      | Noticed a sixfirhy
  9374 | D:7      | Reached skill level 7 in Dodging
  9492 | D:7      | Reached skill level 8 in Conjurations
  9654 | D:6      | Reached XP level 10. HP: 19/69 MP: 13/19
 10019 | D:7      | You pick up a book of Scorching and begin reading...
 10019 | D:7      | You add the spells Scorch, Flame Wave and Summon Cactus
                  | Giant to your library.
 10606 | D:8      | Noticed a two-headed ogre
 10647 | D:8      | Noticed a two-headed ogre
 10866 | D:8      | You pick up a book of Storms and begin reading...
 10866 | D:8      | You add the spells Airstrike, Summon Lightning Spire and
                  | Lightning Bolt to your library.
 10950 | D:8      | Found Onu Fawamu's Distillery.
 11254 | D:8      | Learned a level 4 spell: Summon Lightning Spire
 11275 | D:9      | Reached skill level 7 in Spellcasting
 11631 | D:8      | Reached skill level 7 in Fighting
 11637 | D:8      | Reached skill level 1 in Air Magic
 12092 | D:9      | Reached skill level 8 in Dodging
 12092 | D:9      | Reached skill level 2 in Air Magic
 12329 | D:8      | Killed a two-headed ogre
 12859 | D:9      | Reached skill level 3 in Air Magic
 13471 | D:9      | Reached * piety under Ashenzari
 13471 | D:9      | Identified a scroll of acquirement
 13472 | D:9      | Acquired Revuh's Compendium of Ensnaring Stones
 13473 | D:9      | You add the spells Petrify, Yara's Violent Unravelling and
                  | Statue Form to your library.
 13612 | D:10     | Entered Level 10 of the Dungeon
 13656 | D:10     | Noticed Harold
 13670 | D:10     | Killed Harold
 13671 | D:10     | Reached skill level 8 in Fighting
 13671 | D:10     | Reached skill level 1 in Transmutations
 13671 | D:10     | Reached skill level 1 in Earth Magic
 13671 | D:10     | Reached XP level 11. HP: 38/77 MP: 6/22
 14633 | D:10     | Reached skill level 2 in Transmutations
 14633 | D:10     | Reached skill level 4 in Air Magic
 14633 | D:10     | Reached skill level 2 in Earth Magic
 14694 | D:10     | Noticed Erolcha
 14713 | D:10     | Noticed Snorg
 14730 | D:10     | HP: 14/77 [Snorg (17)]
 15596 | D:11     | Noticed Fannar
 15607 | D:11     | Killed Fannar
 15608 | D:11     | Reached skill level 3 in Transmutations
 15608 | D:11     | Reached skill level 3 in Earth Magic
 15770 | D:11     | You pick up a book of Sloth and begin reading...
 15795 | D:11     | Found a gate leading to a gauntlet.
 15805 | Gauntlet | Entered a Gauntlet
 15805 | Gauntlet | Noticed a worldbinder
 15805 | Gauntlet | Found a transporter.
 15805 | Gauntlet | Found a transporter.
 15807 | Gauntlet | Noticed a tengu warrior
 15808 | Gauntlet | Identified the ring of Mikuecw {rPois rN+ Slay+2}
 15809 | Gauntlet | Found a transporter.
 15810 | Gauntlet | Found a transporter.
 15812 | Gauntlet | Found a transporter.
 15852 | Gauntlet | Noticed a wizard
 15856 | Gauntlet | Found a transporter.
 15856 | Gauntlet | Noticed a wizard
 15859 | Gauntlet | Found a transporter.
 15859 | Gauntlet | Found a transporter.
 15866 | Gauntlet | Noticed a brown ugly thing
 15869 | Gauntlet | Noticed a purple ugly thing
 15871 | Gauntlet | Noticed a glowing orange brain
 15874 | Gauntlet | Found a transporter.
 15875 | Gauntlet | Noticed a glowing orange brain
 15885 | Gauntlet | Noticed a thrashing horror
 15885 | Gauntlet | Noticed a thrashing horror
 15887 | Gauntlet | Found a transporter.
 15888 | Gauntlet | Identified the +1 hat "Wueletip" {+Blink rF+}
 15897 | Gauntlet | Found a transporter.
 15899 | Gauntlet | Identified the +0 helmet "Ziki" {rElec rCorr}
 15902 | Gauntlet | Found a transporter.
 15948 | Gauntlet | Found a transporter.
 15960 | Gauntlet | Found a transporter.
 15990 | Gauntlet | Reached skill level 5 in Air Magic
 15994 | Gauntlet | Noticed a goliath frog
 15995 | Gauntlet | Noticed a bog body
 16002 | Gauntlet | Noticed a goliath frog
 16004 | Gauntlet | Noticed a moth of wrath
 16007 | Gauntlet | Noticed a goliath frog
 16007 | Gauntlet | Noticed a bog body
 16008 | Gauntlet | Killed a worldbinder
 16299 | Gauntlet | Learned a level 6 spell: Statue Form
 16303 | Gauntlet | Learned a level 3 spell: Stone Arrow
 16307 | Gauntlet | Gained mutation: Potions are less effective at restoring
                  | your health. [mutagenic glow]
 16372 | Gauntlet | Killed a wizard
 16373 | Gauntlet | Reached skill level 4 in Transmutations
 16373 | Gauntlet | Reached skill level 4 in Earth Magic
 16377 | Gauntlet | You are cast into the Abyss!
 16377 | Gauntlet | Cast into level 3 of the Abyss (a wizard)
 16390 | Abyss:3  | Noticed a tentacled starspawn
 16403 | Abyss:3  | Noticed a thrashing horror
 16404 | Abyss:3  | Noticed a thrashing horror
 16404 | Abyss:3  | HP: 17/77 [constriction[a tentacled starspawn] (3)]
 16405 | Abyss:3  | Slain by a tentacled starspawn

Vanquished Creatures
  Harold (D:10)
  A two-headed ogre (D:8)
  A worldbinder (Gauntlet)
  A komodo dragon (D:7)
  A slime creature (D:8)
  12 yaks
  2 wyverns (D:8)
  Eustachio (D:4)
  3 vampire mosquitoes (D:10)
  An acid dragon (D:8)
  A water moccasin (D:6)
  2 ice beasts
  A black bear (D:5)
  A sky beast (D:4)
  3 orc warriors
  5 ogres
  3 boggarts (Gauntlet)
  2 phantoms (D:6)
  3 centaurs
  3 bullfrogs
  3 kobold brigands
  3 gnoll sergeants
  3 scorpions
  2 water moccasin zombies
  A water moccasin skeleton (D:5)
  3 spriggan skeletons (D:9)
  5 howler monkeys
  A troll skeleton (D:9)
  A nameless horror (D:9)
  2 hounds (D:5)
  A jelly (D:6)
  A centaur zombie (D:5)
  A gnoll shaman (D:5)
  5 orc priests
  4 iguanas
  4 orc wizards
  A hound zombie (D:5)
  3 hound skeletons (D:4)
  12 gnolls
  4 adders
  A howler monkey skeleton (D:4)
  A shadow imp (Gauntlet)
  3 worms
  3 dart slugs
  18 orcs
  9 ball pythons
  9 bats
  9 endoplasms
  3 giant cockroaches
  10 hobgoblins
  A jackal (D:4)
  25 kobolds
  7 quokkas
  5 frilled lizards
  3 goblins
  7 rats
222 creatures vanquished.

Vanquished Creatures (collateral kills)
  Fannar (D:11)
  A centaur zombie (D:11)
  A gargoyle (D:11)
  A shadow imp (Gauntlet)
4 creatures vanquished.

Vanquished Creatures (others)
  A wizard (Gauntlet)
  A shadow imp (Gauntlet)
  A white imp (Gauntlet)
  29 fulminant prisms
  A plant (Sewer)
  A starspawn tentacle (Abyss:3)
34 creatures vanquished.

Grand Total: 260 creatures vanquished

Table legend:
 A = Non-vault XP
 B = Vault XP
 C = Vault XP percentage of total XP
 D = Non-vault monster count
 E = Vault monster count
 F = Vault count percentage of total count
                 A         B        C        D         E       F
            +---------+---------+-------+---------+---------+-------
      Total |   10192 |    4026 |  28.3 |     177 |      51 |  22.4
            +---------+---------+-------+---------+---------+-------
        D:1 |      48 |       0 |   0.0 |      29 |       0 |   0.0
        D:2 |      73 |       4 |   5.2 |      16 |       3 |  15.8
        D:3 |      22 |       0 |   0.0 |      11 |       0 |   0.0
        D:4 |     535 |     206 |  27.8 |      16 |       5 |  23.8
        D:5 |    1962 |     298 |  13.2 |      17 |       8 |  32.0
        D:6 |     732 |       0 |   0.0 |      15 |       0 |   0.0
        D:7 |    1189 |       0 |   0.0 |      14 |       0 |   0.0
        D:8 |    1902 |     292 |  13.3 |      15 |       2 |  11.8
        D:9 |    1728 |     232 |  11.8 |      22 |       4 |  15.4
       D:10 |    1137 |     868 |  43.3 |      20 |       1 |   4.8
       D:11 |     864 |     870 |  50.2 |       2 |       1 |  33.3
      Sewer |       0 |     113 | 100.0 |       0 |      18 | 100.0
   Gauntlet |       0 |    1143 | 100.0 |       0 |       9 | 100.0
            +---------+---------+-------+---------+---------+-------

Illustrated notes

Table legend:
 A = Kills in this place as a percentage of kills in entire the game.
 B = Kills by you in this place as a percentage of kills by you in the entire game.
 C = Kills by friends in this place as a percentage of kills by friends in the entire game.
 D = Other kills in this place as a percentage of other kills in the entire game.
 E = Experience gained in this place as a percentage of experience gained in the entire game.
 F = Experience gained in this place divided by the number of levels of this place that you have seen.
                   A       B       C       D       E      F
               +-------+-------+-------+-------+-------+----------------------
         Total | 100.0 | 100.0 | 100.0 | 100.0 | 100.0 | 947.9
       Dungeon |  88.2 |  89.6 |  75.0 |   0.0 |  91.2 | 1178.4
         Sewer |   7.9 |   8.1 |   0.0 |   0.0 |   0.8 | 113.0
      Gauntlet |   3.9 |   2.3 |  25.0 | 100.0 |   8.0 | 1143.0
               +-------+-------+-------+-------+-------+----------------------

Table legend: (Time is in decaauts)
 A = Elapsed time spent in this place.
 B = Non-inter-level travel time spent in this place.
 C = Inter-level travel time spent in this place.
 D = Time resting spent in this place.
 E = Time spent auto-exploring this place.
 F = Levels seen in this place.
 G = Mean time per level.
                   A        B        C        D        E       F      G
               +--------+--------+--------+--------+--------+-----+--------+
         Total |  16447 |  15926 |    521 |   3833 |   7940 |  15 | 1096.5 |
       Dungeon |  15328 |  14810 |    518 |   3508 |   7713 |  11 | 1393.5 |
        Temple |     52 |     49 |      3 |      0 |     29 |   1 |   52.0 |
         Abyss |     41 |     41 |      0 |      0 |      0 |   1 |   41.0 |
         Sewer |    438 |    438 |      0 |     67 |    198 |   1 |  438.0 |
      Gauntlet |    586 |    586 |      0 |    258 |      0 |   1 |  586.0 |
               +--------+--------+--------+--------+--------+-----+--------+

Top non-repeatable levels by time:
     D:9: 2530 daAuts
     D:6: 1970 daAuts
     D:8: 1909 daAuts
     D:4: 1753 daAuts
     D:5: 1655 daAuts
     D:1: 1523 daAuts
     D:2: 1325 daAuts
     D:7: 1117 daAuts
    D:10: 729 daAuts
     D:3: 605 daAuts
Gauntlet: 586 daAuts
   Sewer: 438 daAuts
    D:11: 209 daAuts
  Temple: 52 daAuts
 Abyss:3: 41 daAuts
